 Seeded DCSS version 0.29.1-12-g30fa7ad0bf (webtiles) character file.

Game seed: 1 (custom seed)

1220 Kazon the Sneak (level 8, -2/75 HPs)
             Began as a Naga Fighter on Jan 11, 2023.
             Slain by a gnoll
             ... wielding a +3 spear
              (7 damage)
             ... on level 5 of the Dungeon on Jan 12, 2023.
             The game lasted 00:16:31 (4146 turns).

Kazon the Sneak (Naga Fighter)                      Turns: 4146, Time: 00:16:31

Health: -2/75      AC:  8    Str: 18    XL:     8   Next: 47%
Magic:  8/8        EV:  8    Int: 10    God:
Gold:   184        SH:  0    Dex: 12    Spells: 7/7 levels left

rFire   . . .      SeeInvis +   s - +3 falchion of Winter {venom, rCorr}
rCold   . . .      Faith    .   c - +0 buckler
rNeg    + . .      Spirit   .   n - +0 scale mail of Light {rCorr Slay+3}
rPois   +          Reflect  .   q - +0 helmet
rElec   .          Harm     .   (no cloak)
rCorr   +          Rampage  .   (no gloves)
Will    +....                   (no barding)
Stlth   ..........              f - amulet of the acrobat
HPRegen 0.22/turn               r - ring of positive energy
MPRegen 0.11/turn               (no ring)

@: confused, lethally poisoned (-2 -> -5), ambrosia-drunk, very slow
A: AC +2, large, see invisible, deformed body, poison resistance, slowness 2,
spit poison 1, naga tail 1
a: Spit Poison


You were on level 5 of the Dungeon.
You visited 1 branch of the dungeon, and saw 5 of its levels.

You collected 368 gold pieces.
You spent 184 gold pieces at shops.

Inventory:

Hand Weapons
 e - a +2 dagger of venom
 s - the +3 falchion of Winter (weapon) {venom, rCorr}
   (You bought it in a shop on level 3 of the Dungeon)

   It poisons the flesh of those it strikes.
   rCorr:     It protects you from acid and corrosion.
 w - a +1 sling of flaming
Missiles
 k - 29 stones (quivered)
 m - a throwing net
 t - 5 boomerangs
 D - 2 curare-tipped darts
Armour
 c - a +0 buckler (worn)
 n - the +0 scale mail of Light (worn) {rCorr Slay+3}
   (You acquired it on level 1 of the Dungeon)

   Slay:      It affects your accuracy & damage with ranged weapons and melee
   (+3).
   rCorr:     It protects you from acid and corrosion.
 q - a +0 helmet (worn)
 y - a +0 scale mail
Jewellery
 f - an amulet of the acrobat (around neck)
 r - a ring of positive energy (left hand)
Wands
 C - a wand of mindburst (14)
Scrolls
 i - 9 scrolls of identify {unknown}
 l - a scroll of fog {unknown}
 o - a scroll of immolation {unknown}
 u - a scroll of teleportation {unknown}
 x - a scroll of magic mapping {unknown}
 z - 2 scrolls of noise {unknown}
 B - a scroll of enchant weapon {unknown}
Potions
 a - a potion of ambrosia
 b - 2 potions of berserk rage {unknown}
 d - a potion of might
 g - 2 potions of haste {unknown}
 h - a potion of flight {unknown}
 j - a potion of attraction {unknown}
 v - 3 potions of lignification {unknown}
 A - a potion of magic {unknown}


   Skills:
 + Level 5.4 Fighting
 + Level 4.4(5.8) Short Blades
 + Level 5.6(6.4) Long Blades
 + Level 3.6 Ranged Weapons
 + Level 3.6 Throwing
 + Level 5.4 Armour
 + Level 3.5 Dodging
 + Level 6.4 Stealth
 + Level 5.1 Shields


You had 7 spell levels left.
You didn't know any spells.
Your spell library contained the following spells:

 Spells                   Type           Power      Damage    Failure   Level
 Apportation              Tloc           0%         N/A       80%         1
 Necrotise                Necr           0%         1d4       80%         1
 Sting                    Tmut/Pois      0%         1d3       80%         1
 Summon Small Mammal      Summ           0%         N/A       80%         1
 Poisonous Vapours        Pois/Air       0%         N/A       90%         2
 Olgreb's Toxic Radiance  Pois           0%         N/A       100%        4
 Fireball                 Conj/Fire      0%         3d3       100%        5
 Iskenderun's Battlesphe  Conj           0%         2d6       100%        5
 Conjure Ball Lightning   Conj/Air       0%         3x3d6     100%        6
 Orb of Destruction       Conj           0%         9d5       100%        7


Dungeon Overview and Level Annotations

Branches:
Dungeon (5/15)
 Temple: D:4-7

Altars:
Hepliaklqana

Shops:
D:3 (


Innate Abilities, Weirdness & Mutations

Your serpentine skin is tough. (AC +2)
You have supernaturally acute eyesight. (SInv)
Armour fits poorly on your strangely shaped body.
Your system is resistant to poisons. (rPois)
You cover ground very slowly.
You can spit poison.
You have a snake-like lower body.


Message History

The scorpion stings you but does no damage.
Unknown command.
The scorpion attacks as you move away! The scorpion closely misses you.
Found an iron ring.
The scorpion completely misses you. The scorpion attacks as you move away!
The scorpion misses you.
Found a stone staircase leading down.
You start resting.
A scorpion is nearby!
You closely miss the scorpion.
The scorpion is heavily wounded.
The scorpion stings you.
* * * LOW HITPOINT WARNING * * *
You closely miss the scorpion.
The scorpion is heavily wounded.
The scorpion stings you.
* * * LOW HITPOINT WARNING * * *
You are poisoned.
The scorpion poisons you!
The scorpion stings you but does no damage.
You hit the scorpion.
The scorpion is poisoned.
The scorpion is heavily wounded.
You feel very sick. The scorpion completely misses you.
Okay, then.
It was a potion of ambrosia.
You are confused.
You feel invigorated.
You feel sick.
You kill the scorpion!
Unknown command.
The iguana attacks as you move away!
The iguana bites you but does no damage.
You feel very sick. The iguana bites you.
* * * LOW HITPOINT WARNING * * *
You hit the iguana.
The iguana is lightly wounded.
You feel sick. The iguana bites you!
* * * LOW HITPOINT WARNING * * *
The gnoll hits you from afar with a +3 spear!
You die...

#.)...!....# #.........#
#........# ### #..g....#
##..# #Yg# ##....##
##.## ##......###..###
#........#Yg...####
#....=.@lgg.......#### #
#........####........###
#........# ####....<...
#........# #...###.....
##>.....## #......###..
###...## #.......###.
##### #........##. #.##
#........##. #..#
#........###


You could see a sky beast, an iguana and 3 gnolls.

Vanquished Creatures
  Eustachio (D:5)
  A water moccasin (D:5)
  2 centaurs (D:5)
  A necrophage (D:5)
  4 scorpions
  A howler monkey (D:5)
  A hound (D:4)
  An orc priest (D:3)
  2 iguanas
  Robin (D:3)
  3 gnolls (D:2)
  9 adders
  An ufetubus (D:5)
  3 worms
  7 orcs
  11 endoplasms
  A giant cockroach (D:1)
  16 goblins
  9 hobgoblins
  A jackal (D:4)
  4 kobolds
  A quokka (D:1)
  5 ball pythons
  4 bats
  3 frilled lizards
  6 rats
99 creatures vanquished.

Notes
Turn   | Place    | Note
-------+----------+-------------------------------------------
     0 | D:1      | Kazon the Naga Fighter began the quest for the Orb.
     0 | D:1      | Reached XP level 1. HP: 21/21 MP: 1/1
    36 | D:1      | Identified a scroll of acquirement
    36 | D:1      | Acquired the +0 scale mail of Light {rCorr Slay+3}
   125 | D:1      | Reached XP level 2. HP: 28/28 MP: 2/2
   689 | D:2      | Reached XP level 3. HP: 29/34 MP: 3/3
   763 | D:2      | Reached XP level 4. HP: 13/42 MP: 4/4
  1615 | D:3      | Found Umat's Antique Weapon Boutique.
  1624 | D:3      | Bought a crude falchion for 184 gold pieces
  1624 | D:3      | Identified the +3 falchion of Winter {venom, rCorr} (You
                  | bought it in a shop on level 3 of the Dungeon)
  1821 | D:3      | Reached XP level 5. HP: 35/49 MP: 5/5
  1978 | D:3      | Noticed Robin
  1997 | D:3      | Killed Robin
  2130 | D:3      | Reached skill level 5 in Fighting
  2130 | D:3      | Reached skill level 5 in Long Blades
  2130 | D:3      | Reached skill level 6 in Stealth
  2130 | D:3      | Reached XP level 6. HP: 61/61 MP: 6/6
  2472 | D:4      | Reached XP level 7. HP: 67/67 MP: 7/7
  2685 | D:4      | Found a hazy altar of Hepliaklqana.
  2877 | D:4      | Reached skill level 5 in Armour
  3290 | D:5      | Entered Level 5 of the Dungeon
  3303 | D:5      | Reached skill level 5 in Shields
  3519 | D:5      | Reached XP level 8. HP: 47/74 MP: 8/8
  4097 | D:5      | Noticed Eustachio
  4119 | D:5      | Killed Eustachio
  4146 | D:5      | Slain by a gnoll

Illustrated notes

Levels and vault maps discovered:
D:1:      dpeg_arrival_three_smaller_balls, layout_basic
D:2:      layout_loops_ring
D:3:      layout_basic, serial_shops, nicolae_shop_stone, st_stairs_9,
          minmay_misc_feat_doors, eino_curves_03, uniq_robin
D:4:      minmay_wonky_spiral, layout_basic,
          mainiacjoe_overflow_surrounded_room, minivault_5
D:5:      layout_cave_pods, uniq_menkaure, uniq_eustachio

Skill      XL: |  1  2  3  4  5  6  7 |
---------------+----------------------+-----
Shields        | 3 4 5 |  5.1
Armour         | 3 4 5 |  5.4
Long Blades    | 3 5 |  5.6
Fighting       | 5 |  5.4
Short Blades   | 3 4 |  4.4
Ranged Weapons | 3 |  3.6
Throwing       | 3 |  3.6
Dodging        | 3 |  3.5
Stealth        | 6 |  6.4

Action                   |  1- 3 |  4- 6 |  7- 9 || total
-------------------------+-------+-------+-------++-------
Melee: Long sword        |    29 |    16 |       ||    45
       Dagger            |       |    77 |    60 ||   137
       Falchion          |       |       |    39 ||    39
 Fire: Sling             |       |     4 |       ||     4
Throw: Stone             |       |    21 |     8 ||    29
 Abil: Spit Poison       |    14 |    21 |     9 ||    44
  Use: Scroll            |     1 |       |     1 ||     2
       Potion            |       |     1 |     1 ||     2
 Stab: Sleeping          |       |       |     4 ||     4
Armor: Scale mail        |    22 |    25 |    52 ||    99
Dodge: Dodged            |    26 |    31 |    69 ||   126
Block: Buckler           |    16 |    20 |    30 ||    66
